 Dungeon Crawl Stone Soup version 0.27-a0-1217-g8a41f320e8 (webtiles) character file.

Game seed: 14708772262961266111

408 polve the Ruffian (level 6, 0/48 HPs)
             Began as a Demonspawn Abyssal Knight on June 5, 2021.
             Was a Believer of Lugonu.
             Slain by Sapher's ghost (12 damage)
             ... on level 5 of the Dungeon.
             The game lasted 00:04:06 (4704 turns).

polve the Ruffian (Demonspawn Abyssal Knight)       Turns: 4704, Time: 00:04:07

Health: 0/48       AC:  9    Str: 14    XL:     6   Next: 57%
Magic:  7/7        EV:  6    Int: 14    God:    Lugonu [**....]
Gold:   132        SH:  0    Dex: 12    Spells: 5/5 levels left

rFire    . . .     SeeInvis .     - Unarmed
rCold    . . .     Faith    .   (no shield)
rNeg     + . .     Spirit   .   p - +0 chain mail
rPois    .         Reflect  .   (helmet restricted)
rElec    .         Harm     .   e - +0 cloak
rCorr    .         Rampage  .   (no gloves)
Will     .....                  (no boots)
Stlth    ..........             (no amulet)
HPRegen  0.16/turn              k - ring of flight
MPRegen  0.20/turn              d - ring of positive energy

@: flying
A: horns 2, talons 1, magic regeneration, demonic magic 1
a: Renounce Religion, Depart the Abyss, Bend Space


You were on level 5 of the Dungeon.
You worshipped Lugonu.
Lugonu was pleased with you.
You visited 1 branch of the dungeon, and saw 5 of its levels.
You visited the Abyss 1 time.

You collected 132 gold pieces.

Inventory:

Hand Weapons
 a - a +1 dagger of pain
Armour
 e - a +0 cloak (worn)
 p - a +0 chain mail (worn)
 q - a +0 pair of boots
Jewellery
 d - a ring of positive energy (right hand)
 k - a ring of flight (left hand)
Scrolls
 b - a scroll of amnesia {unknown}
 c - 2 scrolls of identify {unknown}
 j - a scroll of blinking {unknown}
 l - 7 scrolls of teleportation {unknown}
 m - a scroll of immolation {unknown}
 n - a scroll of summoning {unknown}
 r - a scroll of torment {unknown}
Potions
 f - 2 potions of degeneration {unknown}
 g - a potion of berserk rage {unknown}
 h - 3 potions of brilliance {unknown}
 i - a potion of mutation {unknown}
 o - a potion of attraction {unknown}


   Skills:
 + Level 4.2 Fighting
 - Level 3.2 Short Blades
 - Level 1.7 Armour
 - Level 0.8 Dodging
 + Level 4.6 Unarmed Combat
 - Level 2.4 Invocations


You had 5 spell levels left.
You didn't know any spells.
Your spell library contained the following spells:

 Spells                   Type           Power      Damage    Failure   Level
 Corona                   Hex            0%         N/A       100%        1
 Ensorcelled Hibernation  Hex/Ice        0%         N/A       100%        2
 Confusing Touch          Hex            0%         N/A       100%        3
 Dazzling Flash           Conj/Hex       0%         N/A       100%        3
 Tukima's Dance           Hex            0%         N/A       100%        3


Dungeon Overview and Level Annotations

Branches:
Dungeon (5/15)
 Temple: D:4-7

Altars:

Annotations:
D:5 Sapher's ghost, amateur DDFi


Innate Abilities, Weirdness & Mutations

You have a pair of horns on your head.
You have sharp toenails.
You regenerate magic rapidly.
Spells you cast may paralyse adjacent enemies.


Message History

You headbutt Sapher's ghost!
Sapher's ghost is severely damaged.
Sapher's ghost completely misses you.
You hit Sapher's ghost but do no damage.
Sapher's ghost is severely damaged.
Sapher's ghost hits you.
You hit Sapher's ghost. You claw Sapher's ghost.
You headbutt Sapher's ghost, but do no damage.
Sapher's ghost is almost destroyed.
Sapher's ghost hits you.
You hit Sapher's ghost but do no damage.
Sapher's ghost is almost destroyed.
Sapher's ghost hits you!
You hit Sapher's ghost but do no damage.
Sapher's ghost is almost destroyed.
Sapher's ghost hits you but does no damage.
You barely miss Sapher's ghost.
Sapher's ghost is almost destroyed.
Sapher's ghost hits you.
* * * LOW HITPOINT WARNING * * *
You hit Sapher's ghost.
You claw Sapher's ghost, but do no damage.
Your headbutt misses Sapher's ghost.
Sapher's ghost is almost destroyed.
Sapher's ghost wails.
Sapher's ghost barely misses you.
You hit Sapher's ghost but do no damage.
Sapher's ghost is almost destroyed.
Sapher's ghost hits you but does no damage.
You hit Sapher's ghost but do no damage.
You claw Sapher's ghost, but do no damage.
Your headbutt misses Sapher's ghost.
Sapher's ghost is almost destroyed.
You hit Sapher's ghost but do no damage.
Sapher's ghost is almost destroyed.
Sapher's ghost hits you but does no damage.
You hit Sapher's ghost.
Sapher's ghost is almost destroyed.
Sapher's ghost hits you!
You die...

#.##..!..##..#
#.#⌠..♣...'..#
#.##..!..##..#
#..##...##..##
#..##⌠##..## #..###..##
#.......# #####
#.####..###########.....
# #....ZW@........#
#.###########.########
#.# ########.#......<#
#.# ........###.####.#
#.# .#######.#.## #.#
..# ##.## #.# ... ###
#.# ... #.# ###. ...


You could see Sapher's ghost and a hound skeleton.

Vanquished Creatures
  Purgy (D:3)
  A necrophage (D:5)
  2 hounds (D:4)
  Crazy Yiuf (D:2)
  A jelly (D:4)
  An iguana (D:4)
  An adder (D:4)
  A gnoll (D:1)
  A dart slug (D:2)
  An orc (D:3)
  5 bats
  4 endoplasms
  A giant cockroach (D:4)
  8 goblins
  12 hobgoblins
  6 jackals
  6 kobolds
  9 ball pythons
  2 frilled lizards (D:1)
  2 rats
66 creatures vanquished.

Notes
Turn   | Place    | Note
-------+----------+-------------------------------------------
     0 | Abyss:1  | polve the Demonspawn Abyssal Knight began the quest for the
                  | Orb.
     0 | Abyss:1  | Reached XP level 1. HP: 18/18 MP: 2/2
    33 | Abyss:1  | Noticed a blizzard demon
    33 | Abyss:1  | Noticed an ancient zyme
    33 | Abyss:1  | Noticed a thrashing horror
    34 | D:1      | Escaped the Abyss
   530 | D:1      | Gained mutation: Spells you cast may paralyse adjacent
                  | enemies. [demonic ancestry]
   530 | D:1      | Reached XP level 2. HP: 22/24 MP: 3/3
   656 | D:1      | Reached * piety under Lugonu
  1071 | D:1      | Found a faded altar of an unknown god.
  1493 | D:2      | Found a runed translucent door.
  1494 | D:2      | Noticed Crazy Yiuf
  1513 | D:2      | Gained mutation: You have sharp toenails. [demonic
                  | ancestry]
  1513 | D:2      | Reached XP level 3. HP: 29/29 MP: 4/4
  1988 | D:2      | Reached skill level 1 in Unarmed Combat
  2520 | D:2      | Killed Crazy Yiuf
  2521 | D:2      | Gained mutation: You have a pair of small horns on your
                  | head. [demonic ancestry]
  2521 | D:2      | Reached XP level 4. HP: 35/35 MP: 5/5
  2717 | D:3      | Noticed Purgy
  2744 | D:3      | Killed Purgy
  2745 | D:3      | Gained mutation: You regenerate magic rapidly. [demonic
                  | ancestry]
  2745 | D:3      | Reached XP level 5. HP: 13/41 MP: 6/6
  3378 | D:4      | Reached ** piety under Lugonu
  3818 | D:4      | Gained mutation: You have a pair of horns on your head.
                  | [demonic ancestry]
  3818 | D:4      | Reached XP level 6. HP: 31/47 MP: 7/7
  4574 | D:5      | Entered Level 5 of the Dungeon
  4663 | D:5      | Noticed Sapher's ghost (amateur DDFi)
  4664 | D:5      | Found a runed translucent door.
  4704 | D:5      | Slain by Sapher's ghost

Illustrated notes

Levels and vault maps discovered:
D:1:      elethiomel_arrival_quiet, layout_loops_corners,
          shapermc_ecumenical_altar_mp_vishouse
D:2:      layout_basic, uniq_crazy_yiuf_cottage
D:3:      layout_rooms, chequers_serial_rivers_small_b, uniq_purgy
D:4:      minmay_recursive_quarters, layout_basic, nicolae_zen_rock_garden
D:5:      layout_loops_ring, minmay_temple_entry_trees,
          hellmonk_ghost_happy_afterlife, uniq_blork_the_orc

Skill      XL: |  1  2  3  4  5  6 |
---------------+-------------------+-----
Short Blades   | 2 3 |  3.2
Unarmed Combat | 2 3 4 |  4.6
Fighting       | 4 |  4.2
Armour         | |  1.7
Dodging        | |  0.8
Invocations    | |  2.4

Action                   |  1- 3 |  4- 6 || total
-------------------------+-------+-------++-------
Melee: Short sword       |    84 |    43 ||   127
       Kick              |     8 |    30 ||    38
       Unarmed           |     3 |   103 ||   106
       Headbutt          |       |    26 ||    26
       Punch             |       |     1 ||     1
Invok: Depart the Abyss  |     1 |       ||     1
  Use: Potion            |     1 |     2 ||     3
Armor: Leather armour    |    21 |    10 ||    31
       Skin              |     2 |       ||     2
       Ring mail         |       |    33 ||    33
       Chain mail        |       |    19 ||    19
Dodge: Dodged            |    48 |    81 ||   129

Table legend: (Time is in decaauts)
 A = Elapsed time spent in this place.
 B = Non-inter-level travel time spent in this place.
 C = Inter-level travel time spent in this place.
 D = Time resting spent in this place.
 E = Time spent auto-exploring this place.
 F = Levels seen in this place.
 G = Mean time per level.
                   A        B        C        D        E       F      G
               +--------+--------+--------+--------+--------+-----+--------+
         Total |   4688 |   4485 |    203 |     13 |   3960 |   6 |  781.3 |
       Dungeon |   4651 |   4448 |    203 |     13 |   3924 |   5 |  930.2 |
         Abyss |     37 |     37 |      0 |      0 |     36 |   1 |   37.0 |
               +--------+--------+--------+--------+--------+-----+--------+

Top non-repeatable levels by time:
     D:1: 1338 daAuts
     D:4: 1273 daAuts
     D:2: 1224 daAuts
     D:3: 688 daAuts
     D:5: 127 daAuts
 Abyss:1: 37 daAuts
